 Dungeon Crawl Stone Soup version 0.18.1-50-g88ac8fd (webtiles) character file.

15 ololoev the Vexing (level 2, -2/12 HPs)
             Began as a Felid Enchanter on Oct 26, 2016.
             Slain by an adder (3 damage)
             ... on level 2 of the Dungeon.
             The game lasted 00:01:47 (261 turns).

ololoev the Vexing (Felid Enchanter)                 Turns: 261, Time: 00:01:47

Health: -2/12      AC:  1    Str:  4    XL:     2   Next: 34%
Magic:  4/6        EV: 18    Int: 16    God:
Gold:   26         SH:  0    Dex: 16    Spells: 2 memorised, 2 levels left
                                        Lives:  0   Deaths: 0

rFire  . . .     SeeInvis +       - Unarmed
rCold  . . .     Gourm    .     (armour unavailable)
rNeg   . . .     Faith    .     (shield unavailable)
rPois  .         Spirit   .     (helmet unavailable)
rElec  .         Dismiss  .     (cloak unavailable)
rCorr  .         Reflect  .     (gloves unavailable)
SustAt .         Harm     .     (boots unavailable)
MR     .....                    (no amulet)
Stlth  +++.......               (no ring)
                                (no ring)

@: quick, not resistant to hostile enchantments, fairly stealthy
A: no armour, no weapons or thrown items, claws 1, fangs 3, see invisible,
carnivore 3, speed 1, shaggy fur 1, slow metabolism 1, sharp paws
a: no special abilities


Innate Abilities, Weirdness & Mutations

You cannot wear armour.
You are incapable of wielding weapons or throwing items.
You have sharp claws.
You have razor-sharp teeth.
You have supernaturally acute eyesight.
You are carnivorous and can eat meat at any time.
You cover ground quickly.
You are covered in fur (AC +1).
You have a slow metabolism.
Your sharp claws are effective at attacking unaware monsters.

Inventory:

Scrolls
 c - a scroll of identify {unknown}
 d - a scroll of recharging {unknown}
Books
 a - a book of Maledictions

   Spells                             Type                      Level
   a - Corona                         Hexes                        1
   b - Ensorcelled Hibernation        Hexes/Ice                    2
   c - Confuse                        Hexes                        3
   d - Tukima's Dance                 Hexes                        3
   e - Dazzling Spray                 Conjuration/Hexes            3
Comestibles
 b - a meat ration


   Skills:
 + Level 0.8 Fighting
 + Level 2.6 Dodging
 + Level 4.1 Stealth
 + Level 1.3 Unarmed Combat
 * Level 2.1 Spellcasting
 * Level 4.8 Hexes


You had 2 spell levels left.
You knew the following spells:

 Your Spells              Type           Power        Failure   Level  Hunger
a - Corona                Hex            ###....      3%          1    #......
b - Ensorcelled Hibernat  Hex/Ice        #.....       14%         2    ###....


You were on level 2 of the Dungeon.
You were not hungry.

You visited 1 branch of the dungeon, and saw 3 of its levels.

You collected 26 gold pieces.

.. #?#.# #.#.# ###
###.#.# .. ......####
#. #......#
#####S####......#
#.....@.........#####
###.#.##.#..........#
.#....$..........###
#.................'..
###..#.#....#.....###
.......#.##.#.....#
.##..###....#.....# #
#.. ##.#.#.....# ...
..........#

Notes
Turn   | Place    | Note
--------------------------------------------------------------
     0 | D:1      | ololoev the Felid Enchanter began the quest for the Orb.
     0 | D:1      | Reached XP level 1. HP: 7/7 MP: 4/4
   123 | D:2      | Reached XP level 2. HP: 8/12 MP: 4/6
   206 | D:2      | Learned a level 2 spell: Ensorcelled Hibernation
   261 | D:2      | Slain by an adder

Dungeon Overview and Level Annotations

Branches:
Dungeon (3/15)

Altars:


Message History

The adder closely misses you.
You closely miss the adder.
The adder is moderately wounded.
The adder bites you.
You barely miss the adder.
The adder is moderately wounded.
The adder stops glowing.
The adder bites you.
You are lethally poisoned!
The adder poisons you! The adder misses you.
You miss the adder.
The adder is moderately wounded.
You feel sick. The adder closely misses you.
You claw the adder! Your bite misses the adder.
The adder is almost dead.
The adder closely misses you.
You scratch the adder.
You kill the adder!
You have reached level 2!
You feel sick.
You aren't carrying any potions.
Unknown command.
You see here an adder corpse.
c - a scroll labeled NEIFOILUXT You feel sick.
You feel sick.
You feel sick.
There is a stone staircase leading down here.
You feel sick.
You are no longer poisoned.
You climb downwards.
A giant gecko, a bat, a rat and a goblin come into view.
The goblin shouts!
Found four items.
There is a stone staircase leading up here.
You climb upwards.
There is a stone staircase leading down here.
You see here 18 arrows.
A rat comes into view.
You pounce on the unaware helpless rat!
You claw the rat!
You kill the rat!
Memorise Ensorcelled Hibernation, consuming 2 spell levels and leaving 2?
You start memorising the spell.
You continue memorising. x2
You finish memorising.
Spell assigned to 'b'.
Found a scroll labeled QOVILOACZI.
d - a scroll labeled QOVILOACZI You open the door.
There is an open door here.
You open the door.
There is an open door here.
You open the door.
There is an open door here.
A rat comes into view.
Found 15 gold pieces.
An adder comes into view.
Found a scroll labeled JAPNONUDUD.
You scratch the rat. Your bite misses the rat.
The rat is moderately wounded.
The rat bites you.
You barely miss the rat.
The rat is moderately wounded.
The rat misses you.
Sorry, you're not good enough to have a special ability.
The rat misses you.
Unknown command.
The rat bites you.
Casting: Corona
Confirm with . or Enter, or press ? or * to list all spells.
Aiming: Ensorcelled Hibernation
Press: ? - help, Shift-Dir - straight line, f - rat
Aim: a rat (moderately wounded, chance to defeat MR: 79%)
The rat looks drowsy...
The helpless rat fails to defend itself.
You claw the rat!
You kill the rat!
You see here 15 gold pieces.
The adder closely misses you.
You scratch the adder.
The adder is moderately wounded.
The adder bites you. x2
You die...

You could see an adder.

Vanquished Creatures
  An adder (D:2)
  2 bats (D:2)
  A hobgoblin (D:1)
  3 rats (D:2)
7 creatures vanquished.

Action                   || total
-------------------------++-------
Melee: Unarmed           ||    23
 Cast: Corona            ||     1
       Ensorcelled Hiber ||     1
 Stab: Sleeping          ||     5
Dodge: Dodged            ||    20

Vault maps used:
D:1:      saegor_arrival_miasma
D:2:      grunt_dithmenos_smoke, first_bread, uniq_robin, uniq_jessica
